Map: Oxide LE

Players

Nina - Winner!

  • Race: Protoss Protoss

MCanning

  • Race: Protoss Protoss

Event: DreamHack SC2 Masters 2021 Fall

VOD

Have the link to the VOD?

Description

Time

  • Played on: Aug. 12, 2021, 4:53 p.m.
  • Length: 13:39

All games in this series

Show
View Real Time Build Order
Export as new Build Order

Nina Protoss - Winner!

Build Orders: Blink Stalkers 

Get SALT Encoding   

  12  0:00  Probe  
  13  0:12  Probe  
  14  0:18  Pylon  
  14  0:25  Probe (Chrono Boost)  
  15  0:37  Probe (Chrono Boost)  
  15  0:39  Gateway  
  16  0:46  Probe (Chrono Boost)  
  16  0:48  Assimilator  
  17  0:52  Probe  
  18  1:04  Probe  
  19  1:11  Pylon  
  19  1:16  Probe (Chrono Boost)  
  21  1:26  Probe (Chrono Boost)  
  21  1:27  Cybernetics Core, Zealot  
  21  1:31  Probe (Chrono Boost)  
  24  1:38  Assimilator  
  24  1:42  Probe  
  25  1:54  Probe  
  26  2:04  Stalker  
  28  2:13  Nexus  
  28  2:15  Probe  
  29  2:18  Warp Gate  
  29  2:25  Pylon  
  28  2:32  Probe  
  31  2:40  Pylon  
  31  2:41  Shield Battery  
  29  2:46  Gateway  
  29  2:47  Probe  
  30  2:58  Stalker  
  32  2:59  Probe  
  33  3:09  Twilight Council  
  33  3:11  Probe  
  34  3:19  Forge  
  34  3:24  Probe (Chrono Boost)  
  34  3:26  Probe (Chrono Boost)  
  36  3:30  Sentry  
  39  3:34  Probe (Chrono Boost)  
  39  3:35  Probe (Chrono Boost)  
  39  3:40  Probe (Chrono Boost)  
  41  3:42  Shield Battery  
  41  3:43  Probe (Chrono Boost)  
  42  3:54  Blink, Probe (Chrono Boost)  
  42  3:55  Probe (Chrono Boost)  
  44  3:59  Probe (Chrono Boost)  
  44  4:02  Protoss Ground Weapons Level 1, Probe  
  46  4:05  Phoenix  
  46  4:09  Probe  
  47  4:13  Pylon  
  47  4:14  Probe  
  47  4:15  Stalker  
  50  4:21  Probe  
  51  4:26  Probe  
  52  4:33  Probe  
  52  4:34  Nexus  
  53  4:39  Assimilator  
  53  4:42  Robotics Facility  
  53  4:43  Stalker  
  55  4:48  Gateway  
  55  4:50  Gateway  
  55  4:53  Sentry, Probe  
  55  4:55  Probe  
  59  5:05  Probe  
  60  5:07  Probe  
  60  5:08  Pylon  
  61  5:17  Pylon  
  61  5:20  Gateway x2  
  59  5:23  Gateway x2  
  59  5:30  Stalker  
  59  5:31  Warp Prism (Chrono Boost)  
  63  5:39  Stalker  
  63  5:40  Probe  
  63  5:41  Probe  
  67  5:45  Stalker  
  67  5:47  Probe  
  70  5:52  Stalker, Probe  
  70  5:55  Stalker  
  75  5:57  Probe  
  75  6:00  Observer  
  77  6:06  Probe x2  
  77  6:08  Sentry  
  77  6:09  Probe (Chrono Boost)  
  77  6:10  Stalker  
  84  6:18  Pylon, Probe (Chrono Boost)  
  84  6:19  Probe (Chrono Boost)  
  84  6:20  Protoss Ground Weapons Level 2  
  84  6:21  Probe (Chrono Boost)  
  87  6:28  Probe (Chrono Boost)  
  87  6:30  Probe (Chrono Boost)  
  89  6:33  Stalker x2  
  89  6:37  Pylon x2  
  89  6:39  Stalker x2  
  97  6:44  Probe  
  98  6:55  Stalker x3  
  98  6:57  Probe x2  
  98  6:58  Probe  
  98  7:00  Assimilator  
  98  7:01  Assimilator  
  107  7:03  Stalker  
  107  7:05  Assimilator  
  107  7:06  Adept  
  107  7:07  Adept  
  113  7:09  Pylon, Probe x2  
  115  7:16  Probe  
  115  7:21  Probe  
  117  7:27  Photon Cannon, Probe  
  117  7:29  Pylon  
  118  7:34  Stalker x3  
  98  7:44  Stalker x6  
  98  7:45  Stalker  
  98  7:47  Observer, Stalker  
  98  7:49  Shield Battery  
  108  7:52  Photon Cannon  
  108  7:57  Photon Cannon  
  102  7:59  Shield Battery  
  102  8:00  Photon Cannon  
  102  8:02  Immortal (Chrono Boost)  
  104  8:07  Stalker x4  
  115  8:15  Stalker x2  
  116  8:24  Stalker x2  
  120  8:29  Observer, Photon Cannon  
  120  8:32  Nexus  
  120  8:36  Observer  
  120  8:38  Pylon  
  120  8:39  Robotics Bay  
  120  8:44  Stalker x3  
  126  8:54  Pylon  
  126  8:58  Observer  
  126  9:04  Stalker  
  126  9:05  Stalker x4  
  126  9:09  Photon Cannon  
  136  9:12  Photon Cannon  
  136  9:24  Disruptor  
  136  9:28  Probe  
  136  9:30  Robotics Facility  
  139  9:32  Probe  
  139  9:35  Photon Cannon  
  140  9:40  Stalker x4  
  140  9:42  Protoss Ground Weapons Level 3  
  148  9:46  Probe (Chrono Boost)  
  148  9:48  Probe (Chrono Boost)  
  148  9:52  Probe (Chrono Boost)  
  151  9:53  Observer  
  151  9:55  Shield Battery  
  151  9:58  Probe (Chrono Boost)  
  154  10:00  Probe x2 (Chrono Boost)  
  154  10:03  Pylon, Probe (Chrono Boost)  
  154  10:05  Pylon  
  156  10:12  Photon Cannon  
  156  10:15  Disruptor (Chrono Boost)  
  156  10:16  Photon Cannon  
  156  10:18  Assimilator x2  
  156  10:20  Disruptor (Chrono Boost)  
  134  10:44  Disruptor, Stalker x3  
  134  10:45  Stalker x2  
  134  10:48  Disruptor  
  150  10:53  Photon Cannon  
  150  10:54  Photon Cannon  
  150  10:58  Pylon  
  150  11:00  Stalker x3  
  150  11:03  Charge  
  156  11:05  Probe  
  156  11:10  Stalker  
  156  11:11  Stalker x2  
  161  11:20  Disruptor  
  161  11:24  Disruptor  
  156  11:47  Photon Cannon  
  156  11:48  Stalker x4  
  156  11:49  Stalker x4  
  172  11:55  Disruptor  
  172  12:00  Disruptor  
  176  12:06  Pylon  
  176  12:12  Zealot x7  
  176  12:13  Zealot  
  186  12:18  Nexus  
  151  12:31  Disruptor (Chrono Boost)  
  151  12:32  Zealot x3  
  151  12:33  Zealot x4  
  165  12:39  Disruptor (Chrono Boost)  
  134  13:01  Stalker x5  
  134  13:02  Stalker  
  122  13:37  Zealot x2  
Show
View Real Time Build Order
Export as new Build Order

MCanning Protoss 

Build Orders: Blink Stalkers 

Get SALT Encoding   

  12  0:00  Probe  
  13  0:12  Probe  
  14  0:19  Pylon  
  14  0:24  Probe  
  15  0:37  Probe (Chrono Boost)  
  15  0:38  Gateway  
  16  0:47  Assimilator  
  16  0:48  Probe (Chrono Boost)  
  17  0:52  Probe (Chrono Boost)  
  18  0:57  Assimilator  
  18  1:03  Probe (Chrono Boost)  
  19  1:15  Probe (Chrono Boost)  
  20  1:20  Probe (Chrono Boost)  
  21  1:28  Cybernetics Core  
  21  1:32  Pylon  
  22  1:33  Zealot  
  23  1:50  Probe  
  23  1:52  Pylon  
  24  2:02  Probe  
  24  2:04  Stalker (Chrono Boost)  
  24  2:06  Warp Gate  
  27  2:14  Probe  
  28  2:26  Probe  
  29  2:32  Nexus  
  29  2:36  Gateway  
  31  2:46  Pylon  
  31  2:49  Shield Battery  
  31  2:51  Probe  
  30  3:03  Probe (Chrono Boost)  
  30  3:05  Sentry  
  33  3:09  Twilight Council  
  33  3:15  Probe (Chrono Boost)  
  34  3:21  Pylon  
  34  3:24  Sentry, Probe (Chrono Boost)  
  37  3:29  Probe  
  37  3:31  Shield Battery  
  38  3:40  Forge  
  38  3:41  Probe  
  38  3:45  Probe (Chrono Boost)  
  38  3:48  Blink (Chrono Boost)  
  40  3:59  Probe (Chrono Boost)  
  42  4:03  Probe (Chrono Boost)  
  42  4:06  Probe (Chrono Boost)  
  44  4:10  Probe (Chrono Boost)  
  44  4:11  Stalker  
  44  4:12  Protoss Ground Weapons Level 1 (Chrono Boost)  
  44  4:13  Probe  
  47  4:22  Probe  
  48  4:24  Stalker  
  48  4:25  Probe  
  51  4:34  Probe  
  51  4:36  Pylon  
  51  4:37  Probe  
  51  4:38  Robotics Facility  
  53  4:42  Assimilator  
  53  4:46  Probe  
  53  4:50  Probe  
  55  4:56  Stalker  
  55  4:57  Stalker  
  55  4:58  Probe  
  60  5:02  Probe  
  60  5:07  Gateway x2  
  61  5:10  Probe  
  61  5:11  Pylon  
  62  5:22  Nexus  
  62  5:24  Pylon  
  62  5:25  Probe  
  63  5:29  Observer  
  63  5:33  Sentry, Gateway  
  66  5:36  Gateway  
  66  5:38  Probe  
  66  5:42  Probe  
  68  5:44  Shield Battery  
  68  5:49  Stalker  
  70  5:50  Probe  
  70  5:52  Observer  
  70  5:54  Probe  
  73  6:02  Probe  
  74  6:04  Gateway x2  
  74  6:08  Protoss Ground Weapons Level 2 (Chrono Boost), Stalker x2  
  78  6:14  Adept  
  78  6:15  Adept  
  82  6:22  Probe  
  83  6:32  Stalker x2  
  83  6:38  Stalker x2  
  87  6:40  Probe x2  
  87  6:46  Pylon  
  89  6:54  Stalker x2  
  89  6:56  Stalker  
  89  6:58  Probe x3  
  96  7:01  Pylon  
  96  7:04  Stalker  
  98  7:10  Probe  
  98  7:11  Stalker  
  98  7:12  Stalker  
  101  7:20  Shield Battery, Stalker  
  101  7:22  Zealot x2  
  107  7:26  Zealot x2  
  107  7:29  Zealot  
  113  7:36  Stalker x2  
  97  7:45  Stalker  
  97  7:46  Stalker  
  97  7:48  Probe  
  98  7:53  Probe  
  98  7:54  Probe  
  98  8:00  Probe  
  98  8:03  Warp Prism (Chrono Boost)  
  98  8:04  Robotics Bay  
  98  8:05  Probe  
  100  8:06  Probe  
  100  8:12  Probe  
  104  8:13  Charge  
  104  8:16  Assimilator  
  104  8:17  Probe  
  104  8:18  Probe  
  106  8:20  Assimilator, Zealot  
  108  8:28  Pylon, Photon Cannon  
  108  8:36  Robotics Facility  
  108  8:39  Pylon  
  106  8:41  Pylon  
  106  8:43  Pylon, Stalker x2  
  106  8:47  Stalker  
  112  8:57  Stalker  
  112  8:58  Stalker x2  
  112  9:02  Disruptor (Chrono Boost)  
  117  9:08  Zealot  
  122  9:13  Zealot x2  
  122  9:14  Zealot  
  126  9:18  Pylon  
  126  9:19  Pylon  
  126  9:22  Disruptor (Chrono Boost)  
  126  9:25  Photon Cannon  
  126  9:27  Pylon  
  129  9:35  Photon Cannon  
  129  9:39  Dark Shrine  
  129  9:40  Disruptor (Chrono Boost)  
  130  9:51  Nexus  
  130  9:54  Pylon, Disruptor (Chrono Boost)  
  133  10:06  Zealot  
  135  10:08  Disruptor (Chrono Boost)  
  136  10:17  Stalker x2  
  136  10:18  Stalker x2  
  143  10:31  Stalker x2  
  147  10:36  Disruptor (Chrono Boost)  
  138  10:45  Probe  
  137  10:53  Probe  
  137  10:56  Assimilator  
  137  10:57  Zealot  
  140  10:58  Nexus, Zealot  
  140  10:59  Dark Templar x2  
  140  11:01  Pylon  
  140  11:02  Dark Templar  
  148  11:04  Zealot x3  
  154  11:18  Disruptor (Chrono Boost)  
  149  11:25  Zealot x2  
  149  11:26  Zealot x3  
  151  11:42  Stalker x3  
  153  11:52  Zealot x4  
  159  11:58  Zealot  
  159  12:01  Photon Cannon  
  159  12:02  Photon Cannon  
  159  12:07  Disruptor (Chrono Boost)  
  159  12:10  Nexus  
  159  12:12  Pylon  
  159  12:14  Zealot x3  
  160  12:20  Dark Templar x3  
  135  12:29  Zealot x4  
  111  12:40  Zealot  
  111  12:41  Disruptor (Chrono Boost)  
  104  12:50  Disruptor (Chrono Boost)  
  100  12:54  Zealot x4  
  111  12:59  Dark Templar  

Tags
 
Add a new tag
Caveats
  • Supply blocks, unpowered buildings, or Contaminate may cause inaccurate times.
  • Supply counts are checked every 10 seconds.